 Dungeon Crawl Stone Soup version 0.29-a0-453-gf113fcf677 (webtiles) character file.

Game seed: 2061681339868689813

919 Bruhh the Skirmisher (level 8, -9/87 HPs)
             Began as an Ogre Transmuter on May 20, 2022.
             Mangled by a rust devil (10 damage)
             ... summoned by a kobold demonologist
             ... on level 5 of the Dungeon.
             The game lasted 00:11:12 (7409 turns).

Bruhh the Skirmisher (Ogre Transmuter)              Turns: 7409, Time: 00:11:20

Health: -9/87      AC: -17   Str: 23    XL:     8   Next: 9%
Magic:  9/11       EV:  9    Int: 14    God:
Gold:   73         SH:  0    Dex:  9    Spells: 7/11 levels left

rFire   . . .      SeeInvis .     - Unarmed
rCold   . . .      Faith    .   (no shield)
rNeg    . . .      Spirit   .   a - +0 robe
rPois   .          Reflect  .   (helmet restricted)
rElec   .          Harm     .   (no cloak)
rCorr   .          Rampage  .   (gloves unavailable)
Will    .....                   (boots unavailable)
Stlth   +.........              (no amulet)
HPRegen 0.24/turn               h - +6 ring of strength
MPRegen 0.12/turn               (no ring)

@: corroded, attractive, invisible
A: large, unfitting armour, tough skin 1
a: no special abilities


You were on level 5 of the Dungeon.
You visited 1 branch of the dungeon, and saw 5 of its levels.

You collected 73 gold pieces.

Inventory:

Missiles
 g - 11 poisoned darts
 C - a throwing net
Armour
 a - a +0 robe (worn)
 j - a +0 buckler
Jewellery
 h - a +6 ring of strength (left hand)
Wands
 d - a wand of acid (2)
 z - a wand of charming (10)
Scrolls
 b - a scroll of vulnerability {unknown}
 c - a scroll of noise {unknown}
 f - a scroll of acquirement {unknown}
 i - 2 scrolls of fear {unknown}
 k - a scroll of enchant armour {unknown}
 n - 8 scrolls of identify {unknown}
 p - 2 scrolls of magic mapping {unknown}
 q - 3 scrolls of teleportation {unknown}
 s - 2 scrolls of brand weapon {unknown}
 u - a scroll of blinking {unknown}
 y - a scroll of silence {unknown}
 A - a scroll of summoning {unknown}
 B - a scroll of fog {unknown}
 D - 3 scrolls of immolation {unknown}
Potions
 e - 2 potions of brilliance
 l - a potion of mutation {unknown}
 m - a potion of cancellation {unknown}
 o - a potion of attraction
 r - a potion of heal wounds {unknown}
 t - a potion of ambrosia {unknown}
 v - a potion of magic {unknown}
 w - a potion of invisibility
 x - a potion of curing {unknown}


   Skills:
 - Level 7.0 Fighting
 - Level 1.7 Dodging
 + Level 6.6 Unarmed Combat
 - Level 2.4 Spellcasting
 + Level 3.1 Transmutations


You had 7 spell levels left.
You knew the following spells:

 Your Spells              Type           Power      Damage    Failure   Level
a - Beastly Appendage     Tmut           20%        N/A       6%          1
b - Spider Form           Tmut/Pois      6%         N/A       34%         3

Your spell library contained the following spells:

 Spells                   Type           Power      Damage    Failure   Level
 Wereblood                Tmut           10%        N/A       10%         2
 Slow                     Hex            4%         N/A       22%         1
 Ignite Poison            Fire/Tmut/Pois 4%         N/A       41%         3
 Confusing Touch          Hex            1%         N/A       56%         3
 Mephitic Cloud           Conj/Pois/Air  1%         N/A       56%         3
 Vampiric Draining        Necr           1%         2d6       56%         3
 Ice Form                 Ice/Tmut       6%         N/A       75%         4
 Summon Ice Beast         Ice/Summ       1%         N/A       92%         4
 Freezing Cloud           Conj/Ice/Air   0%         6-21      99%         5
 Summon Mana Viper        Hex/Summ       1%         N/A       99%         5
 Monstrous Menagerie      Summ           0%         N/A       100%        7


Dungeon Overview and Level Annotations

Branches:
Dungeon (5/15)
 Temple: D:4-7

Altars:

Shops:
D:2 :


Innate Abilities, Weirdness & Mutations

You are too large for most types of armour.
You have tough skin. (AC +1)


Message History

You hit the kobold demonologist but do no damage.
The kobold demonologist looks as sick as possible!
The kobold demonologist is moderately wounded.
The shadow imp completely misses you.
The kobold demonologist barely misses you.
The rust devil closely misses you.
You barely miss the kobold demonologist.
The kobold demonologist is heavily wounded.
Your transformation has ended.
Your +0 robe unmelds from your body.
The shadow imp closely misses you. The white imp puffs mist at you.
The kobold demonologist hits you with a +0 dagger.
* * * LOW HITPOINT WARNING * * *
The rust devil hits you!
* * * LOW HITPOINT WARNING * * *
The rust devil corrodes you!
It was a potion of attraction.
You feel attractive to monsters. The shadow imp hits you.
* * * LOW HITPOINT WARNING * * *
The kobold demonologist hits you with a +0 dagger.
* * * LOW HITPOINT WARNING * * *
The rust devil closely misses you.
The kobold demonologist attacks as you move away!
The kobold demonologist hits you with a +0 dagger.
* * * LOW HITPOINT WARNING * * *
The shadow imp closely misses you.
The kobold demonologist looks braver for a moment.
The white imp is attracted toward you. The shadow imp hits you.
* * * LOW HITPOINT WARNING * * *
The white imp shouts, "Remove thy stench, thou froward hasty-witted surfacer!"
The kobold demonologist is attracted toward you.
It was a potion of invisibility.
You fade into invisibility!
The shadow imp hits you.
* * * LOW HITPOINT WARNING * * *
The kobold demonologist gestures wildly while chanting.
The rust devil hits you!
You die...

#.# #..### #.# #.# #..#
#.# #.# #..######.#####
#.# #.............. #.#
#####.####........ #<#
#................. #)#
#.###.####........
#[#############.#...#...
#......@4KO3..#######.##
######.#5#.ยง#.'.....#...
#.#5.##..#.#.#.#...
#.#..##..#..#..#..#
#.#.#..#.#.#.#.#..#
#.#......#.....##.#
#>###########+###.# #.#..
#O #.. ###.. ###.#


You could see a rust devil (summoned, can't see you, poisoned), a kobold
demonologist (can't see you, very poisoned), a ynoxinul (summoned, wandering,
can't see you), an ogre (can't see you), a white imp (summoned, can't see you)
and a shadow imp (summoned, can't see you).

Vanquished Creatures
  Prince Ribbit (D:5)
  A black bear (D:4)
  An ogre (D:4)
  A phantom (D:3)
  A scorpion (D:5)
  A jelly (D:4)
  3 hounds
  An orc priest (D:4)
  2 iguanas
  6 adders
  4 gnolls (D:5)
  A white imp (D:5)
  2 worms
  A dart slug (D:3)
  17 orcs
  6 bats
  7 endoplasms
  6 giant cockroaches
  3 goblins
  7 hobgoblins
  4 jackals
  7 quokkas
  6 frilled lizards
  8 kobolds
  4 rats
101 creatures vanquished.

Notes
Turn   | Place    | Note
-------+----------+-------------------------------------------
     0 | D:1      | Bruhh the Ogre Transmuter began the quest for the Orb.
     0 | D:1      | Reached XP level 1. HP: 19/19 MP: 3/3
   667 | D:1      | Reached skill level 2 in Fighting
   667 | D:1      | Reached XP level 2. HP: 21/28 MP: 5/5
  1028 | D:1      | You fall into a shaft and drop 1 floor!
  1321 | D:2      | Reached XP level 3. HP: 35/36 MP: 6/6
  1385 | D:2      | Found Yshrag's Book Boutique.
  1744 | D:2      | Reached skill level 3 in Fighting
  2582 | D:3      | Reached XP level 4. HP: 43/45 MP: 7/7
  2665 | D:3      | Noticed a phantom
  2701 | D:3      | Killed a phantom
  2702 | D:3      | Reached skill level 4 in Fighting
  2702 | D:3      | Reached XP level 5. HP: 6/55 MP: 8/8
  3647 | D:4      | Reached skill level 5 in Fighting
  3874 | D:4      | Reached XP level 6. HP: 50/66 MP: 9/9
  3962 | D:4      | Noticed a black bear
  3970 | D:4      | Killed a black bear
  4095 | D:4      | Reached skill level 5 in Unarmed Combat
  4179 | D:4      | Reached skill level 6 in Fighting
  4881 | D:4      | Learned a level 3 spell: Spider Form
  5096 | D:4      | Reached XP level 7. HP: 76/76 MP: 8/10
  5251 | D:5      | Entered Level 5 of the Dungeon
  5260 | D:5      | Noticed a kobold demonologist
  5372 | D:5      | Reached skill level 7 in Fighting
  6831 | D:5      | Noticed Prince Ribbit
  6842 | D:5      | Killed Prince Ribbit
  6843 | D:5      | Reached XP level 8. HP: 53/87 MP: 8/11
  7391 | D:5      | Noticed a rust devil
  7407 | D:5      | HP: 3/87 [kobold demonologist/+0 dagger (3)]
  7409 | D:5      | HP: 1/87 [shadow imp[a kobold demonologist] (2)]
  7409 | D:5      | Mangled by a rust devil

Illustrated notes

Levels and vault maps discovered:
D:1:      minmay_arrival_glassed_features, layout_basic,
          shapermc_ecumenical_altar_mp_ritualfount
D:2:      layout_loops_cross, serial_shops, nicolae_shop_stone, glass_columns_c
D:3:      minmay_razor_zed, layout_loops_ring
D:4:      layout_basic
D:5:      minmay_clustersquares, layout_loops_ring, water_maze_lemuel,
          uniq_prince_ribbit1

Skill      XL: |  1  2  3  4  5  6  7 |
---------------+----------------------+-----
Unarmed Combat | 3 4 5 6 |  6.6
Fighting       | 2 3 4 5 6 7 |  7.0
Transmutations | 3 |  3.1
Dodging        | |  1.7
Spellcasting   | |  2.4

Action                   |  1- 3 |  4- 6 |  7- 9 || total
-------------------------+-------+-------+-------++-------
Melee: Unarmed           |   155 |   151 |   111 ||   417
       Punch             |     5 |     3 |     2 ||    10
       Kick              |       |    21 |    15 ||    36
       Headbutt          |       |    13 |    11 ||    24
 Cast: Beastly Appendage |       |    17 |    11 ||    28
       Spider Form       |       |       |     2 ||     2
  Use: Potion            |       |     3 |     3 ||     6
 Stab: Sleeping          |     1 |     1 |       ||     2
Armor: Robe              |    42 |    40 |    23 ||   105
       Skin              |       |    21 |       ||    21
Dodge: Dodged            |    77 |    73 |    85 ||   235

Table legend: (Time is in decaauts)
 A = Elapsed time spent in this place.
 B = Non-inter-level travel time spent in this place.
 C = Inter-level travel time spent in this place.
 D = Time resting spent in this place.
 E = Time spent auto-exploring this place.
 F = Levels seen in this place.
 G = Mean time per level.
                   A        B        C        D        E       F      G
               +--------+--------+--------+--------+--------+-----+--------+
         Total |   7376 |   7200 |    176 |    942 |   5377 |   5 | 1475.2 |
       Dungeon |   7376 |   7200 |    176 |    942 |   5377 |   5 | 1475.2 |
               +--------+--------+--------+--------+--------+-----+--------+

Top non-repeatable levels by time:
     D:4: 2069 daAuts
     D:3: 2003 daAuts
     D:5: 1473 daAuts
     D:1: 1024 daAuts
     D:2: 806 daAuts
